 Dungeon Crawl Stone Soup version 0.28.0 (webtiles) character file.

Game seed: 3858625166403728963

330 Zeld the Chopper (level 6, 0/55 HPs)
             Began as a Minotaur Delver on Feb 18, 2022.
             Slain by an adder (4 damage)
             ... on level 5 of the Dungeon.
             The game lasted 00:00:50 (871 turns).

Zeld the Chopper (Minotaur Delver)                   Turns: 871, Time: 00:00:51

Health: 0/55       AC:  3    Str: 19    XL:     6   Next: 26%
Magic:  5/5        EV: 12    Int:  7    God:
Gold:   48         SH:  0    Dex: 11    Spells: 5/5 levels left

rFire   . . .      SeeInvis .   a - +0 hand axe
rCold   . . .      Faith    .   (no shield)
rNeg    . . .      Spirit   .   b - +0 leather armour
rPois   .          Reflect  .   (helmet restricted)
rElec   .          Harm     .   (no cloak)
rCorr   .          Rampage  .   (no gloves)
Will    .....                   (no boots)
Stlth   ++........              (no amulet)
HPRegen 0.18/turn               (no ring)
MPRegen 0.09/turn               (no ring)

@: lethally poisoned (0 -> -1)
A: horns 2, retaliatory headbutt
a: no special abilities


You were on level 5 of the Dungeon.
You visited 1 branch of the dungeon, and saw 1 of its levels.

You collected 48 gold pieces.

Inventory:

Hand Weapons
 a - a +0 hand axe (weapon)
Armour
 b - a +0 leather armour (worn)
Wands
 g - a wand of digging (9)
Scrolls
 c - a scroll of fog
 d - a scroll of magic mapping
 e - a scroll of fear
 h - 2 scrolls of identify {unknown}
Potions
 f - a potion of haste


   Skills:
 + Level 4.9 Fighting
 * Level 5.4 Axes
 + Level 3.8 Dodging
 + Level 4.8 Stealth


You had 5 spell levels left.
You didn't know any spells.
Your spell library contained the following spells:

 Spells                   Type           Power      Damage    Failure   Level
 Tukima's Dance           Hex            0%         N/A       86%         3
 Anguish                  Hex/Necr       0%         N/A       99%         4
 Enfeeble                 Hex            0%         N/A       100%        7


Dungeon Overview and Level Annotations

Branches:
Dungeon (5/15)
 Temple: D:4-7

Altars:


Innate Abilities, Weirdness & Mutations

You have a pair of horns on your head.
You reflexively headbutt those who attack you in melee.


Message History

a +0 giant club; an ogre corpse You are too injured to fight recklessly!
The dart slug barely misses you.
You are too injured to fight recklessly!
You hit the dart slug. You headbutt the dart slug.
The dart slug is almost dead.
You hit the dart slug but do no damage.
The dart slug is almost dead.
The dart slug bites you but does no damage.
The scorpion stings you.
* * * LOW HITPOINT WARNING * * *
You are poisoned.
The scorpion poisons you!
You are too injured to fight recklessly!
You are too injured to fight recklessly!
Unknown command.
You are too injured to fight recklessly!
You hit the scorpion. You headbutt the scorpion!
The scorpion is heavily wounded.
You hit the dart slug.
You kill the dart slug!
* * * LOW HITPOINT WARNING * * *
You feel very sick. The scorpion barely misses you.
You feel sick.
Things that are here:
a +0 giant club; an ogre corpse You feel sick.
Items here: $ ) / ?.
You feel sick. The scorpion closely misses you.
Things that are here:
a +0 flail; a +0 chain mail; a gnoll corpse You feel sick.
Unknown command.
You feel sick.
You feel sick.
Found a stone staircase leading up.
You feel sick.
The adder hisses angrily.
The adder bites you.
You die...

#########
#.......#
#.......#
#....w
#.......#
.)...
#.......#
....
#.......#
...
#..S....# ..
#.s@....# .
##.##.#### #
#..# ..#
#### #)##
...# #.>.
#)# <#..#
#... #)#
...... ###.
#.###.#..##.
#.
#†........
### #.
#........ ..
#.


You could see a scorpion and an adder.

Vanquished Creatures
  An ogre (D:5)
  A necrophage (D:5)
  A scorpion (D:5)
  A bullfrog skeleton (D:5)
  A hound zombie (D:5)
  A howler monkey zombie (D:5)
  An adder (D:5)
  3 gnolls (D:5)
  An ufetubus (D:5)
  A dart slug (D:5)
12 creatures vanquished.

Notes
Turn   | Place    | Note
-------+----------+-------------------------------------------
     0 | D:5      | Zeld the Minotaur Delver began the quest for the Orb.
     0 | D:5      | Reached XP level 1. HP: 19/19 MP: 0/0
    18 | D:5      | Reached skill level 3 in Axes
    18 | D:5      | Reached XP level 2. HP: 17/27 MP: 1/1
   328 | D:5      | Noticed a scorpion
   344 | D:5      | Noticed a necrophage
   346 | D:5      | Reached XP level 3. HP: 33/33 MP: 2/2
   357 | D:5      | Killed a necrophage
   358 | D:5      | Reached skill level 4 in Axes
   358 | D:5      | Reached XP level 4. HP: 4/41 MP: 3/3
   395 | D:5      | Noticed a scorpion
   428 | D:5      | Killed a scorpion
   429 | D:5      | Reached XP level 5. HP: 8/47 MP: 4/4
   841 | D:5      | Noticed an ogre
   847 | D:5      | Reached skill level 5 in Axes
   851 | D:5      | Killed an ogre
   852 | D:5      | Reached XP level 6. HP: 14/55 MP: 5/5
   871 | D:5      | Slain by an adder

Illustrated notes

Levels and vault maps discovered:
D:5:      layout_rooms, lemuel_doored_altar, gammafunk_ghost_split

Skill      XL: |  1  2  3  4  5 |
---------------+----------------+-----
Axes           | 3 4 5 |  5.4
Fighting       | 4 |  4.9
Dodging        | 3 |  3.8
Stealth        | |  4.8

Action                   |  1- 3 |  4- 6 || total
-------------------------+-------+-------++-------
Melee: Hand axe          |    20 |    29 ||    49
       Headbutt          |     4 |    10 ||    14
       Punch             |       |     1 ||     1
Armor: Leather armour    |     3 |     2 ||     5
Dodge: Dodged            |    14 |    20 ||    34
